Map: Terrasses de Prion

Players

zidar - Winner!

  • Race: Zerg Zerg
  • League: Gold
  • Spawn Location: 11:00

JonhyBleez

  • Race: Terran Terran
  • League: Gold
  • Spawn Location: 5:00

VOD

Have the link to the VOD?

Description

Time

  • Played on: May 22, 2016, 11:15 a.m.
  • Length: 15:24
Show
View Real Time Build Order
Export as new Build Order

zidar Zerg - Winner!

Build Orders: Hatch First, Muta Ling Bane 

Get SALT Encoding   

  12  0:02  Drone  
  13  0:12  Overlord  
  13  0:17  Drone  
  14  0:30  Drone x2  
  16  0:35  Drone  
  17  0:54  Hatchery  
  16  0:57  Drone  
  16  1:01  Extractor  
  16  1:03  Drone  
  17  1:19  Spawning Pool  
  17  1:21  Drone  
  17  1:32  Drone x2  
  19  2:11  Zergling x6  
  19  2:12  Zergling x2  
  23  2:30  Spine Crawler  
  22  2:43  Zergling x6  
  22  2:44  Zergling x4  
  26  2:55  Overlord  
  26  2:56  Overlord  
  26  3:11  Metabolic Boost  
  25  3:20  Roach Warren  
  24  3:47  Zergling x12  
  29  4:20  Queen  
  29  4:21  Queen  
  33  4:34  Zergling x4  
  25  4:56  Zergling x2  
  25  4:57  Zergling x10  
  31  5:12  Zergling x4  
  32  6:07  Drone  
  32  6:09  Lair, Baneling Nest  
  32  6:12  Drone x3  
  32  6:16  Overlord x3  
  35  6:29  Spore Crawler  
  34  6:35  Spore Crawler  
  33  6:40  Drone x4  
  33  6:41  Drone x4  
  41  6:48  Evolution Chamber, Pneumatized Carapace  
  36  7:31  Zergling x20  
  36  7:32  Zergling x4  
  36  7:33  Centrifical Hooks  
  48  7:39  Extractor  
  48  7:43  Spire  
  46  7:46  Extractor  
  46  7:48  Queen  
  47  7:51  Extractor, Baneling x4  
  47  7:52  Baneling x7  
  46  8:18  Zerg Melee Weapons Level 1  
  46  8:21  Drone x7  
  46  8:22  Drone x6  
  59  8:43  Hatchery  
  58  8:58  Mutalisk  
  58  9:02  Overlord x3  
  60  9:32  Mutalisk x7  
  74  9:41  Infestation Pit  
  72  9:51  Evolution Chamber  
  71  10:03  Drone x10  
  71  10:06  Drone  
  82  10:26  Zergling x8  
  82  10:27  Zergling x6  
  89  10:32  Zerg Melee Weapons Level 2  
  89  10:37  Zerg Ground Armor Level 1  
  89  10:45  Hive  
  86  11:04  Hatchery  
  82  11:26  Drone x4  
  82  11:27  Drone x3  
  82  11:28  Drone  
  90  11:33  Overlord x3  
  90  11:34  Overlord x2  
  90  11:35  Overlord  
  90  11:36  Overseer  
  90  11:57  Adrenal Glands  
  90  12:02  Ultralisk Cavern  
  90  12:07  Greater Spire  
  89  12:18  Drone x3  
  89  12:19  Extractor  
  89  12:22  Extractor  
  90  12:41  Zerg Ground Armor Level 2  
  90  12:49  Chitinous Plating  
  90  12:57  Overlord x2  
  90  12:58  Overlord x2  
  90  13:03  Queen  
  92  13:15  Drone x5  
  97  13:22  Overlord  
  97  13:23  Overlord x3  
  74  14:05  Drone x6  
  80  14:17  Ultralisk x4  
  92  14:18  Ultralisk x3  
  92  14:23  Zergling x18  
  92  14:24  Zergling x10  
  136  14:45  Extractor  
  135  14:46  Baneling x9  
  135  14:50  Extractor  
Show
View Real Time Build Order
Export as new Build Order

JonhyBleez Terran 

Build Orders:  

Get SALT Encoding   

  12  0:01  SCV  
  13  0:13  SCV  
  14  0:19  Supply Depot  
  14  0:25  SCV  
  15  0:44  Barracks  
  15  0:52  Barracks  
  15  0:56  SCV  
  16  1:08  SCV  
  17  1:14  Supply Depot  
  17  1:21  SCV  
  18  1:31  Marine  
  19  1:49  Bunker  
  19  1:58  Marine  
  19  1:59  Bunker  
  20  2:06  Marine  
  19  2:16  Marine  
  20  2:23  Marine  
  21  2:34  Marine  
  22  2:41  Marine  
  23  2:52  Marine  
  23  2:59  Marine  
  24  3:10  Marine  
  25  3:17  Marine, Orbital Command  
  26  3:24  Refinery x2  
  26  3:25  Command Center  
  26  3:30  Command Center  
  26  3:37  Bunker  
  24  3:52  Supply Depot  
  24  3:59  Bunker  
  24  4:16  Supply Depot  
  24  4:17  SCV  
  25  4:29  SCV  
  19  4:56  Orbital Command  
  16  5:02  Orbital Command  
  16  5:03  Barracks  
  16  5:18  Factory  
  15  5:35  SCV  
  16  5:36  SCV  
  16  5:37  Marine  
  18  5:52  Marine  
  19  6:03  SCV x2  
  21  6:06  Factory Tech Lab  
  21  6:10  Marine  
  22  6:15  SCV  
  23  6:21  Orbital Command  
  23  6:22  Bunker  
  23  6:29  Bunker  
  23  6:33  SCV x2  
  23  6:37  Siege Tank  
  28  6:45  Marine  
  29  6:47  Marine  
  29  7:04  Marine  
  29  7:05  Marine  
  27  7:23  Siege Tank  
  27  7:25  Marine  
  31  7:33  Marine  
  32  7:40  SCV x2, Starport  
  32  7:43  Marine  
  35  7:52  SCV x2  
  37  8:00  Siege Tank  
  37  8:02  Orbital Command  
  37  8:04  SCV  
  37  8:05  Marine  
  42  8:06  Barracks Tech Lab  
  42  8:21  Supply Depot  
  42  8:24  Bunker  
  42  8:28  Stimpack  
  42  8:30  Bunker  
  42  8:33  Supply Depot  
  42  8:34  Starport Reactor  
  42  8:41  Barracks x2  
  42  8:45  SCV  
  42  8:46  SCV x2  
  45  8:58  SCV x3  
  48  9:04  Refinery  
  48  9:05  Marine  
  48  9:06  Refinery  
  48  9:07  Marine  
  50  9:10  SCV x3  
  50  9:13  Medivac  
  50  9:14  Medivac  
  57  9:22  SCV  
  57  9:23  Marauder  
  60  9:25  Marine  
  60  9:26  Engineering Bay  
  60  9:27  Engineering Bay  
  60  9:29  Barracks Reactor, Siege Tank  
  60  9:30  Barracks Reactor  
  64  9:34  Supply Depot  
  64  9:36  Supply Depot  
  64  9:39  SCV x3  
  64  9:43  Marine  
  64  9:44  Marine  
  69  9:51  SCV x2  
  71  10:01  Marine, Siege Tank  
  71  10:02  Marine  
  76  10:11  Missile Turret  
  76  10:12  Terran Infantry Armor Level 1  
  76  10:13  Missile Turret, Terran Infantry Weapons Level 1  
  76  10:16  Medivac  
  76  10:17  Medivac  
  76  10:19  Marine  
  76  10:20  Marauder  
  83  10:23  Marine  
  84  10:33  Siege Tank  
  84  10:34  Combat Shield  
  87  10:36  Marine  
  87  10:41  Marine x2  
  87  10:42  Marauder, SCV  
  93  10:49  Supply Depot  
  93  10:53  Supply Depot  
  93  11:11  Marine, Marauder, SCV x2  
  93  11:15  Marine  
  93  11:16  Marine x3  
  92  11:22  Orbital Command  
  92  11:28  Marine  
  92  11:31  Armory  
  95  11:32  Marauder  
  95  11:33  Marine x2  
  95  11:34  Marine x2  
  99  11:46  Marine  
  100  11:48  Missile Turret  
  100  11:51  Marine  
  103  11:54  Marauder  
  103  11:57  Refinery  
  103  11:59  Marine x2  
  103  12:00  Marine  
  106  12:01  Missile Turret  
  106  12:02  Refinery  
  106  12:03  Missile Turret  
  106  12:04  Marine  
  106  12:05  Viking  
  109  12:19  Supply Depot x2, Terran Infantry Armor Level 2  
  109  12:23  Terran Infantry Weapons Level 2  
  109  12:40  Marine x4, Viking  
  109  12:41  Marine, Marauder  
  109  12:43  Supply Depot  
  118  12:44  Terran Vehicle Weapons Level 1  
  118  12:52  SCV x3  
  121  13:02  Marauder  
  121  13:04  SCV  
  121  13:05  Thor  
  130  13:12  Marine x2  
  131  13:13  Marine  
  131  13:19  Supply Depot  
  133  13:23  Supply Depot  
  133  13:26  Supply Depot  
  133  13:40  Marine x4  
  133  13:41  Marauder, SCV x2  
  141  13:44  Marine  
  141  13:45  SCV  
  128  13:58  Marine x4  
  128  14:02  Marine, Marauder  
  132  14:16  Marine x4  
  136  14:20  Marine  
  136  14:24  Marauder  
  139  14:29  Viking x2  
  143  14:34  Marine x4  
  143  14:38  Marine  
  148  14:45  Marauder  
  150  14:47  Starport  
  150  14:48  Factory  
  150  14:51  Barracks  
  150  14:52  Marine x4  
  156  15:11  Command Center  
  106  15:14  Refinery  
Tags
 
Composition
Muta Ling Bane
League
GoldGold
Matchup
TvZ
Spawn Locations
Cross Positions
Add a new tag
Caveats
  • Supply blocks, unpowered buildings, or Contaminate may cause inaccurate times.
  • Supply counts are checked every 10 seconds.